 Dungeon Crawl Stone Soup version 0.26-a0-810-ge1a9524b62 (webtiles) character file.

Game seed: 8600688593503947077

6328 lunkers the Geomancer (level 10, 0/62 (63) HPs)
             Began as a Vampire Earth Elementalist on Nov 12, 2020.
             Was a Believer of Vehumet.
             Slain by a white ugly thing (28 damage)
             ... on level 10 of the Dungeon.
             The game lasted 00:23:41 (11863 turns).

lunkers the Geomancer (Vampire Earth Elementalist) Turns: 11863, Time: 00:23:42

HP:   0/62 (63)     AC: 10    Str: 14    XL:     10   Next: 64%
MP:   15/22         EV: 11    Int: 20    God:    Vehumet [**....]
Gold: 453           SH:  5    Dex: 16    Spells: 11/26 levels left

rFire    . . .     SeeInvis +   w - +3 long sword "Quenes" {protect, Str+7}
rCold    . . .     Faith    .   (no shield)
rNeg     + . .     Spirit   .   E - +0 swamp dragon scales
rPois    +         Reflect  +   j - +0 helmet
rElec    .         Harm     .   G - +0 cloak
rCorr    .         Rampage  .   (no gloves)
MR       +....                  s - +0 pair of boots
Stlth    +++.......             h - amulet of reflection
HPRegen  0.40/turn              B - ring of positive energy
MPRegen  0.18/turn              m - ring of stealth

@: regenerating quickly
A: fangs 3, see invisible, unbreathing
a: Exsanguinate, Renounce Religion


You were on level 10 of the Dungeon.
You worshipped Vehumet.
Vehumet was pleased with you.
You visited 2 branches of the dungeon, and saw 11 of its levels.

You collected 708 gold pieces.
You spent 255 gold pieces at shops.

Inventory:

Hand Weapons
 w - the +3 long sword "Quenes" (weapon) {protect, Str+7}
   (You bought it in a shop on level 5 of the Dungeon)

   It grants its wielder temporary protection when it strikes (+7 to AC).
   It affects your strength (+7).
Missiles
 b - 128 stones (quivered)
Armour
 c - a +0 robe
 j - a +0 helmet (worn)
 q - a +1 ring mail of cold resistance
 s - a +0 pair of boots (worn)
 E - +0 swamp dragon scales (worn)
 G - a +0 cloak (worn)
Jewellery
 h - an amulet of reflection (around neck)
 m - a ring of stealth (right hand)
 B - a ring of positive energy (left hand)
 I - an uncursed ring of flight
Wands
 p - a wand of enslavement (6)
 F - a wand of disintegration (10)
Scrolls
 d - 2 scrolls of random uselessness {unknown}
 e - 2 scrolls of immolation {unknown}
 g - 4 scrolls of remove curse
 i - 2 scrolls of fear {unknown}
 k - 5 scrolls of teleportation
 l - 2 scrolls of magic mapping {unknown}
 r - 5 scrolls of identify
 x - a scroll of enchant armour {unknown}
 y - 2 scrolls of enchant weapon {unknown}
 C - 2 scrolls of vulnerability {unknown}
 J - a scroll of fog {unknown}
 N - 3 scrolls of amnesia {unknown}
 O - a scroll of noise {unknown}
 P - a scroll of blinking {unknown}
Potions
 a - 2 potions of brilliance {unknown}
 f - 6 potions of curing
 n - 2 potions of attraction {unknown}
 o - 2 potions of berserk rage {unknown}
 t - a potion of mutation {unknown}
 u - 2 potions of haste {unknown}
 v - 2 potions of lignification {unknown}
 z - 2 potions of cancellation {unknown}
 A - a potion of might {unknown}
 D - 3 potions of degeneration {unknown}
 H - a potion of heal wounds {unknown}
 K - a potion of resistance {unknown}
 M - a potion of flight {unknown}
Miscellaneous
 L - a phantom mirror


   Skills:
 - Level 2.1 Dodging
 - Level 3.0 Stealth
 + Level 8.8 Spellcasting
 - Level 1.1 Transmutations
 * Level 13.1 Earth Magic


You had 11 spell levels left.
You knew the following spells:

 Your Spells              Type           Power        Failure   Level
a - Stone Arrow           Conj/Erth      #####.       3%          3
b - Passwall              Tmut/Erth      #####...     1%          2
c - Sandblast             Erth           ######       1%          1
d - Lee's Rapid Deconstr  Erth           ######....   1%          5
e - Petrify               Tmut/Erth      #####...     9%          4

Your spell library contained the following spells:

 Spells                   Type           Power        Failure   Level
 Magic Dart               Conj           #...         16%         1
 Beastly Appendage        Tmut           ##....       11%         1
 Animate Skeleton         Necr           #.....       16%         1
 Apportation              Tloc           #.....       16%         1
 Corona                   Hex            #......      16%         1
 Summon Small Mammal      Summ           #...         16%         1
 Wereblood                Tmut           ##......     16%         2
 Call Imp                 Summ           #.......     24%         2
 Spider Form              Tmut/Pois      ##........   36%         3
 Call Canine Familiar     Summ           #.......     43%         3
 Summon Guardian Golem    Hex/Summ       #.......     43%         3
 Ice Form                 Ice/Tmut       ##......     77%         4
 Summon Ice Beast         Ice/Summ       #.......     85%         4
 Summon Lightning Spire   Summ/Air       #.......     85%         4
 Blade Hands              Tmut           ##........   96%         5


Dungeon Overview and Level Annotations

Branches:
Dungeon (10/15)            Temple (1/1) D:5             Orc (0/2) D:9
   Lair: D:8-11

Altars:
Ashenzari
Cheibriados
Dithmenos
Elyvilon
Fedhas
Gozag
Hepliaklqana
Kikubaaqudgha
Makhleb
Nemelex Xobeh
Okawaru
Qazlal
Ru
Sif Muna
Trog
Uskayaw
Vehumet
Wu Jian
Xom
Yredelemnul
Zin
The Shining One

Shops:
D:4 :   D:5 (

Annotations:
D:5 1 runed translucent door
D:8 2 transporters, snetch's ghost, novice HOMo


Innate Abilities, Weirdness & Mutations

Your natural rate of healing is unusually fast.
You have razor-sharp teeth.
You have supernaturally acute eyesight. (SInv)
You can survive without breathing.


Message History

The white ugly thing is moderately wounded.
The white ugly thing gurgles horribly!
The white ugly thing claws you. The white ugly thing freezes you!!
* * * LOW HITPOINT WARNING * * *
Casting: Stone Arrow (dangerous; 3% risk of failure)
Confirm with . or Enter, or press ? or * to list all spells.
Okay, then.
Casting: Stone Arrow (dangerous; 3% risk of failure)
Confirm with . or Enter, or press ? or * to list all spells.
Okay, then.
Casting: Stone Arrow (dangerous; 3% risk of failure)
Confirm with . or Enter, or press ? or * to list all spells.
Aiming: Petrify (dangerous; 9% risk of failure)
Press: ? - help, Shift-Dir - straight line, f/p - white ugly thing
Aim: a white ugly thing (moderately wounded, chance to defeat MR: 48%)
The white ugly thing is moving more slowly.
The white ugly thing claws you.
* * * LOW HITPOINT WARNING * * *
The white ugly thing freezes you!!
You die...

..##.##### #.## #.....# ..##.
#..# #.....## ..# ##.## #.......
..# #####..##########..... ..#
.................#..... ..##...
....########.....#.....
..##..######## ..#.....#.....
..##..#.......######.#.....'.....
..##..#.######.u@..#.#.....#.....
####..#.#.....####.#.#.....#.....
#..#.#.####...#.#.#..#'##.....
#..#.#.#...##)#.#.#..#.##.[...
####..#.#.#.##.#.#.#.#..#.##.....
......#.#.#.#.).#.#.#.#...#######
#####..#.#.#.#.##.#.#.#...#
.......#.#.#.##...#.#.#.#.#####
###....#.#.#...####.#.#.#†#<..#


You could see a white ugly thing (petrifying).

Vanquished Creatures
  An unseen horror (D:10)
  Pikel (D:7)
  Joseph (D:7)
  Maggie (D:7)
  A gargoyle (D:10)
  Prince Ribbit (D:5)
  A soldier ant (D:5)
  8 orc warriors
  3 sky beasts
  6 ogres
  A necrophage (D:8)
  2 centaurs (D:5)
  A big kobold (D:9)
  2 bullfrogs (D:6)
  A gnoll sergeant (D:8)
  A scorpion (D:7)
  A wyvern skeleton (D:7)
  7 killer bees
  4 wights (D:6)
  2 electric eels (D:9)
  3 hounds
  8 orc priests
  A bullfrog skeleton (D:9)
  A jelly (D:8)
  8 orc wizards
  4 centaur skeletons
  Crazy Yiuf (D:7)
  4 iguanas
  8 worker ants
  A hound zombie (D:9)
  A hound skeleton (D:8)
  A worker ant zombie (D:5)
  14 adders
  5 gnolls (D:8)
  2 shadow imps
  5 white imps
  An ooze (D:2)
  An adder zombie (D:5)
  2 worms (D:2)
  3 dart slugs
  7 leopard geckos
  42 orcs
  12 bats
  11 giant cockroaches
  6 goblins
  9 hobgoblins
  5 jackals
  6 quokkas
  2 ball pythons
  6 frilled lizards
  A jackal zombie (D:6)
  13 kobolds
  A leopard gecko skeleton (D:9)
  A quokka skeleton (D:8)
  5 rats
247 creatures vanquished.

Vanquished Creatures (others)
  2 fungi (D:7)
  8 plants (D:2)
10 creatures vanquished.

Grand Total: 257 creatures vanquished

Notes
Turn   | Place    | Note
-------+----------+-------------------------------------------
     0 | D:1      | lunkers the Vampire Earth Elementalist began the quest for
                  | the Orb.
     0 | D:1      | Reached XP level 1. HP: 13/13 MP: 3/3
     3 | D:1      | Noticed a merfolk zombie
   200 | D:1      | Reached XP level 2. HP: 16/19 MP: 0/5
   861 | D:1      | Reached XP level 3. HP: 24/24 MP: 3/6
   865 | D:1      | Learned a level 2 spell: Passwall
   869 | D:1      | Learned a level 3 spell: Stone Arrow
  1044 | D:2      | Reached skill level 4 in Earth Magic
  1465 | D:2      | Reached XP level 4. HP: 30/30 MP: 5/8
  1693 | D:2      | Found a snail-covered altar of Cheibriados.
  2588 | D:3      | Reached skill level 5 in Earth Magic
  2765 | D:3      | Reached XP level 5. HP: 35/35 MP: 6/9
  3091 | D:4      | Found a shimmering altar of Xom.
  3091 | D:4      | Found a shimmering altar of Xom.
  3091 | D:4      | Found a shimmering altar of Xom.
  3317 | D:4      | Noticed an ogre
  3321 | D:4      | Killed an ogre
  3321 | D:4      | Reached skill level 6 in Earth Magic
  3321 | D:4      | Reached XP level 6. HP: 41/41 MP: 7/11
  3464 | D:4      | Found a glowing golden altar of the Shining One.
  3571 | D:4      | Found Geibeub's Book Shoppe.
  3618 | D:4      | Found a sacrificial altar of Ru.
  3775 | D:5      | Entered Level 5 of the Dungeon
  3775 | D:5      | Noticed Prince Ribbit
  3783 | D:5      | Killed Prince Ribbit
  3783 | D:5      | Reached XP level 7. HP: 27/41 MP: 7/13
  3785 | D:5      | Reached skill level 7 in Earth Magic
  3892 | D:5      | Found a shadowy altar of Dithmenos.
  3936 | D:5      | Found a staircase to the Ecumenical Temple.
  4015 | D:5      | Found a sparkling altar of Nemelex Xobeh.
  4064 | D:5      | Found Elawkiun's Antique Weapon Shop.
  4075 | D:5      | Bought a translucent long sword for 255 gold pieces
  4076 | D:5      | Identified the +3 long sword "Quenes" {protect, Str+7} (You
                  | bought it in a shop on level 5 of the Dungeon)
  4371 | D:5      | Found a runed translucent door.
  4374 | D:5      | Found a runed translucent door.
  4525 | D:5      | Found an ornate altar of the Wu Jian Council.
  4777 | D:6      | Reached skill level 5 in Spellcasting
  4777 | D:6      | Reached skill level 8 in Earth Magic
  4861 | D:6      | Reached XP level 8. HP: 31/52 MP: 2/15
  5635 | D:6      | Reached skill level 9 in Earth Magic
  6350 | D:7      | Noticed Joseph
  6358 | D:7      | Killed Joseph
  6358 | D:7      | Reached skill level 10 in Earth Magic
  6358 | D:7      | Reached XP level 9. HP: 24/57 MP: 4/18
  6409 | Temple   | Entered the Ecumenical Temple
  6661 | Temple   | Became a worshipper of Vehumet
  7145 | D:7      | Noticed Maggie
  7153 | D:7      | Killed Maggie
  7184 | D:7      | Learned a level 5 spell: Lee's Rapid Deconstruction
  7189 | D:7      | Learned a level 4 spell: Petrify
  7266 | D:7      | Noticed Pikel
  7277 | D:7      | Killed Pikel
  7277 | D:7      | Reached skill level 11 in Earth Magic
  8012 | D:7      | Found a runed translucent door.
  8013 | D:7      | Noticed Crazy Yiuf
  8018 | D:7      | Killed Crazy Yiuf
  8207 | D:8      | Reached * piety under Vehumet
  8207 | D:8      | Offered knowledge of Foxfire by Vehumet.
  8322 | D:8      | Found a transporter.
  8552 | D:8      | Found a basalt altar of Yredelemnul.
  8841 | D:8      | Found a hide-covered altar of Uskayaw.
  8992 | D:8      | Reached skill level 12 in Earth Magic
  8992 | D:8      | Reached XP level 10. HP: 54/62 MP: 4/21
  9155 | D:8      | Found a transporter.
  9155 | D:8      | Noticed snetch's ghost (novice HOMo)
  9765 | D:9      | Found an opulent altar of Gozag.
  9787 | D:9      | Offered knowledge of Magic Dart by Vehumet.
 10036 | D:9      | Reached ** piety under Vehumet
 10734 | D:9      | Found a staircase to the Orcish Mines.
 10968 | D:10     | Entered Level 10 of the Dungeon
 11378 | D:10     | Noticed an unseen horror
 11384 | D:10     | Killed an unseen horror
 11384 | D:10     | Reached skill level 13 in Earth Magic
 11733 | D:10     | Noticed a gargoyle
 11739 | D:10     | Killed a gargoyle
 11859 | D:10     | Noticed a white ugly thing
 11863 | D:10     | Slain by a white ugly thing

Illustrated notes

Levels and vault maps discovered:
D:1:      shiori_arrival_whats_in_store_for_you, layout_basic
D:2:      layout_loops_ring, cheibriados_altar_1, serial_bayou_lagoon_a
D:3:      layout_rooms, minmay_vboxes
D:4:      layout_basic, nicolae_ru_sacrificial_ziggurat, tso_oasis_becter,
          serial_shops, nicolae_shop_behind_doors,
          hangedman_abyss_or_decor_slice, chequers_decorated_corner,
          xom_redecorated
D:5:      lemuel_insect_pit, layout_cave_pools, kennysheep_little_box,
          nemelex_xobeh_ov_fountains_minmay, lemuel_round_altar,
          minmay_temple_entry_sparse_star, serial_shops, shop_fountains,
          chequers_serial_rivers_marsh, uniq_prince_ribbit1
D:6:      layout_loops_cross
D:7:      layout_loops_ring, uniq_crazy_yiuf_cottage, uniq_pikel, uniq_maggie,
          uniq_joseph
D:8:      layout_loops_cross, lemuel_coloured_pillars_altar, old_standard_altar,
          gammafunk_ghost_arena
D:9:      layout_small_grid, lemuel_crystal_altar, erik_orc_2
D:10:     minmay_distorted_concentric_squares, layout_basic, david_lair_shrubbed
Temple:   nicolae_temple_figure_eight

Skill      XL: |  1  2  3  4  5  6  7  8  9 10 |
---------------+-------------------------------+-----
Earth Magic    | 4 5 6 8 10 12 13 | 13.1
Spellcasting   | 3 4 5 6 7 8 |  8.8
Dodging        | |  2.1
Stealth        | |  3.0
Transmutations | |  1.1

Action                   |  1- 3 |  4- 6 |  7- 9 | 10-12 || total
-------------------------+-------+-------+-------+-------++-------
Melee: Unarmed           |    25 |    13 |       |       ||    38
       Bite              |       |     1 |    23 |     4 ||    28
       Long sword        |       |       |   121 |    40 ||   161
Throw: Stone             |     3 |       |     1 |       ||     4
 Cast: Sandblast         |    45 |    96 |    32 |     2 ||   175
       Stone Arrow       |     4 |       |   132 |    91 ||   227
       Lee's Rapid Decon |       |       |       |     5 ||     5
       Petrify           |       |       |       |     1 ||     1
 Abil: Bat Form          |       |     1 |       |       ||     1
       Exsanguinate      |       |     1 |       |       ||     1
       Revivify          |       |     1 |       |       ||     1
Evoke: Wand              |       |       |       |     1 ||     1
  Use: Scroll            |       |       |     4 |       ||     4
Armor: Robe              |     4 |    19 |    22 |       ||    45
       Swamp dragon scal |       |       |    46 |    40 ||    86
Dodge: Dodged            |    20 |    38 |    94 |    43 ||   195
Block: Other             |     2 |    17 |    61 |    19 ||    99
       Reflection        |       |       |     1 |     1 ||     2
       Rpst.: Long sword |       |       |    23 |    13 ||    36

Table legend: (Time is in decaauts)
 A = Elapsed time spent in this place.
 B = Non-inter-level travel time spent in this place.
 C = Inter-level travel time spent in this place.
 D = Time resting spent in this place.
 E = Time spent auto-exploring this place.
 F = Levels seen in this place.
 G = Mean time per level.
                   A        B        C        D        E       F      G
               +--------+--------+--------+--------+--------+-----+--------+
         Total |  11942 |  11605 |    337 |    694 |   8828 |  11 | 1085.6 |
       Dungeon |  11654 |  11386 |    268 |    694 |   8609 |  10 | 1165.4 |
        Temple |    288 |    220 |     68 |      0 |    219 |   1 |  288.0 |
               +--------+--------+--------+--------+--------+-----+--------+

Top non-repeatable levels by time:
     D:6: 1561 daAuts
     D:9: 1418 daAuts
     D:8: 1394 daAuts
     D:2: 1360 daAuts
     D:5: 1337 daAuts
     D:7: 1254 daAuts
     D:1: 1016 daAuts
    D:10: 901 daAuts
     D:4: 739 daAuts
     D:3: 670 daAuts
  Temple: 288 daAuts
